 Dungeon Crawl Stone Soup version 0.25-a0-697-g890751e (webtiles) character file.

Game seed: 13763620092506358713, levelgen mode: deterministic

90 BlueFish the Cudgeler (level 4, 0/34 HPs)
             Began as a Demonspawn Gladiator on Apr 1, 2020.
             Slain by a leopard gecko (3 damage)
             ... on level 2 of the Dungeon.
             The game lasted 00:04:06 (1614 turns).

BlueFish the Cudgeler (Demonspawn Gladiator)        Turns: 1614, Time: 00:04:06

Health: 0/34       AC:  5    Str: 14    XL:     4   Next: 32%
Magic:  4/4        EV: 13    Int:  9    God:
Gold:   130        SH:  0    Dex: 16    Spells: 3/3 levels left

rFire    . . .     SeeInvis .   m - +0 dagger
rCold    . . .     Gourm    .   (no shield)
rNeg     . . .     Faith    .   b - +0 leather armour
rPois    .         Spirit   .   c - +0 helmet
rElec    .         Reflect  .   j - +0 cloak (curse)
rCorr    .         Harm     .   (no gloves)
MR       .....                  (no boots)
Stlth    ++++......             (no amulet)
HPRegen  0.11/turn              (no ring)
MPRegen  0.09/turn              (no ring)

@: no status effects
A: talons 1, nightstalker 2
a: no special abilities


You were on level 2 of the Dungeon.
You were not hungry.

You visited 1 branch of the dungeon, and saw 3 of its levels.

You collected 130 gold pieces.

Inventory:

Hand Weapons
 m - a +0 dagger (weapon)
Missiles
 d - 3 throwing nets (quivered)
Armour
 b - a +0 leather armour (worn)
 c - a +0 helmet (worn)
 j - a cursed +0 cloak (worn)
 n - a +0 pair of boots
Scrolls
 k - a scroll of teleportation {unknown}
Potions
 a - 2 potions of degeneration {unknown}
 e - 2 potions of berserk rage {unknown}
 h - a potion of cancellation {unknown}
 i - 2 potions of lignification {unknown}
 l - a potion of magic {unknown}
Comestibles
 f - 5 rations
 g - 2 chunks of flesh


   Skills:
 * Level 2.6 Fighting
 + Level 0.2 Short Blades
   Level 3.4 Maces & Flails
 + Level 1.8 Throwing
 + Level 1.2 Armour
 + Level 3.0 Dodging
 * Level 1.5 Stealth


You had 3 spell levels left.
You didn't know any spells.
Your spell library was empty.

Dungeon Overview and Level Annotations

Branches:
Dungeon (3/15)

Altars:


Innate Abilities, Weirdness & Mutations

You have sharp toenails.
You are significantly more attuned to the shadows.


Message History

* * * LOW HITPOINT WARNING * * *
The orc hits you with a +0 hand axe.
* * * LOW HITPOINT WARNING * * *
You barely miss the orc. Your kick misses the orc.
The leopard gecko bites you but does no damage.
The orc hits you but does no damage. The leopard gecko bites you.
* * * LOW HITPOINT WARNING * * *
You hit the orc but do no damage.
The leopard gecko hisses menacingly.
The leopard gecko barely misses you. The orc barely misses you.
You hit the orc. You claw the orc.
You kill the orc!
Your Dodging skill increases to level 3!
The leopard gecko bites you but does no damage.
You barely miss the leopard gecko. The leopard gecko bites you.
* * * LOW HITPOINT WARNING * * *
You hit the leopard gecko but do no damage.
The leopard gecko closely misses you.
You barely miss the leopard gecko. The leopard gecko bites you.
You die...

############ ######
#..........# #....#
#)÷........########
#....#
#÷@................
#....#
#.†l........######.
#....#
#..................
#....#
###.........#######
#....######(........#
###
#....##....######.###
#..
#....##.#.........#
#..
#.......#..########
#.. ####.#....## #..


You could see a leopard gecko.

Vanquished Creatures
  4 adders (D:2)
  An ooze (D:1)
  A worm (D:2)
  3 leopard geckos
  An orc (D:2)
  7 goblins
  11 hobgoblins
  2 quokkas (D:2)
  A ball python (D:1)
  4 bats
  A frilled lizard (D:2)
  3 kobolds
  2 rats
41 creatures vanquished.

Notes
Turn   | Place    | Note
-------+----------+-------------------------------------------
     0 | D:1      | BlueFish the Demonspawn Gladiator began the quest for the
                  | Orb.
     0 | D:1      | Reached XP level 1. HP: 16/16 MP: 1/1
    29 | D:1      | Gained mutation: You are slightly more attuned to the
                  | shadows. [demonic ancestry]
    29 | D:1      | Reached XP level 2. HP: 3/22 MP: 2/2
   863 | D:2      | Gained mutation: You have sharp toenails. [demonic
                  | ancestry]
   863 | D:2      | Reached XP level 3. HP: 27/27 MP: 3/3
  1192 | D:2      | Reached skill level 1 in Armour
  1287 | D:2      | Reached skill level 1 in Stealth
  1571 | D:2      | Gained mutation: You are significantly more attuned to the
                  | shadows. [demonic ancestry]
  1571 | D:2      | Reached XP level 4. HP: 32/34 MP: 4/4
  1614 | D:2      | Slain by a leopard gecko

Levels and vault maps discovered:
D:1:      wander_arrival_lonely_grave, layout_loops_cross
D:2:      layout_basic
D:3:      layout_basic, minmay_overflow_temple_hex, gammafunk_ghost_cemetery,
          okawaru_gym_becter, uniq_grinder

Skill      XL: |  1  2  3  4 |
---------------+-------------+-----
Maces & Flails | 3 |  3.4
Armour         | 1 |  1.2
Stealth        | 1 |  1.5
Dodging        | 3 |  3.0
Fighting       | |  2.6
Short Blades   | |  0.2
Throwing       | |  1.8

Action                   |  1- 3 |  4- 6 || total
-------------------------+-------+-------++-------
Melee: Flail             |    76 |       ||    76
       Dagger            |    48 |    29 ||    77
       Kick              |    20 |     2 ||    22
 Stab: Sleeping          |     5 |       ||     5
  Eat: Chunk             |     2 |       ||     2
Armor: Leather armour    |    40 |    15 ||    55
Dodge: Dodged            |    91 |    40 ||   131

Table legend:
 A = Non-vault XP
 B = Vault XP
 C = Vault XP percentage of total XP
 D = Non-vault monster count
 E = Vault monster count
 F = Vault count percentage of total count
                 A         B        C        D         E       F
            +---------+---------+-------+---------+---------+-------
      Total |     129 |       0 |   0.0 |      41 |       0 |   0.0
            +---------+---------+-------+---------+---------+-------
        D:1 |      37 |       0 |   0.0 |      17 |       0 |   0.0
        D:2 |      92 |       0 |   0.0 |      24 |       0 |   0.0
            +---------+---------+-------+---------+---------+-------
